 Dungeon Crawl Stone Soup version 0.23.2-30-g0e89c35649 (webtiles) character file.

Game seed: 5091249959556716822

46 troglodite the Skirmisher (level 3, -5/29 HPs)
             Began as a Demonspawn Monk on June 9, 2019.
             Slain by an ogre
             ... wielding a +0 giant club
              (10 damage)
             ... on level 2 of the Dungeon.
             The game lasted 00:02:42 (1320 turns).

troglodite the Skirmisher (Demonspawn Monk)         Turns: 1320, Time: 00:02:42

Health: -5/29      AC:  6    Str: 12    XL:     3   Next: 44%
Magic:  3/3        EV: 15    Int: 11    God:
Gold:   95         SH:  0    Dex: 20    Spells: 2/2 levels left

rFire    . . .     SeeInvis .   a - +0 falchion
rCold    . . .     Gourm    .   (no shield)
rNeg     . . .     Faith    .   j - +0 scale mail
rPois    .         Spirit   .   (helmet restricted)
rElec    .         Reflect  .   (no cloak)
rCorr    .         Harm     .   (no gloves)
MR       .....                  (no boots)
Stlth    ++........             (no amulet)
HPRegen  0.09/turn              (no ring)
MPRegen  0.08/turn              (no ring)

@: agile
A: horns 1, spiny 1
a: no special abilities


You were on level 2 of the Dungeon.
You were not hungry.

You visited 1 branch of the dungeon, and saw 2 of its levels.

You collected 95 gold pieces.

Inventory:

Hand Weapons
 a - a +0 falchion (weapon)
Armour
 j - a +0 scale mail (worn)
Scrolls
 b - a scroll of enchant weapon {unknown}
 d - 6 scrolls of identify {unknown}
 i - a scroll of enchant armour {unknown}
 l - a scroll of blinking {unknown}
Potions
 e - a potion of agility
 g - a potion of curing {unknown}
 h - a potion of lignification {unknown}
 k - a potion of heal wounds {unknown}
Comestibles
 c - 2 rations
 f - 8 chunks of flesh


   Skills:
 * Level 3.4 Fighting
 * Level 3.2 Long Blades
 * Level 0.2 Armour
 * Level 3.1 Dodging
 + Level 2.0 Stealth


You had 2 spell levels left.
You didn't know any spells.
Your spell library was empty.

Dungeon Overview and Level Annotations

Branches:
Dungeon (2/15)

Altars:


Innate Abilities, Weirdness & Mutations

You have a pair of small horns on your head.
You are partially covered in sharp spines.


Message History

The ogre closely misses you. The quokka barely misses you.
Some of the chunks of flesh in your inventory have rotted away.
The rat twitches its whiskers.
The quokka barely misses you.
The quokka twitches its whiskers.
You hit the ogre but do no damage.
The ogre is moderately wounded.
The quokka is struck by your spines. The quokka closely misses you.
The ogre is struck by your spines. The ogre closely misses you.
You riposte.
You barely miss the ogre.
The ogre is moderately wounded.
It was a potion of agility.
You feel agile all of a sudden. The quokka barely misses you.
You riposte.
You hit the quokka.
The quokka is almost dead.
The quokka closely misses you. The rat barely misses you.
The quokka closely misses you. The ogre hits you with a +0 giant club!
You die...

##.#.....# ####....#
##...## ####..#..##
##.#...##..########
#....#...)..#.....##
##.###.............##
#..##...............#
..###...........@...#
.## #..........rrO..#
## #...............#
#...............#
##.............##
##.....#.....##
#############


You could see an ogre, a quokka and a rat.

Vanquished Creatures
  An adder (D:2)
  A worm (D:2)
  A leopard gecko (D:1)
  3 bats
  A giant cockroach (D:1)
  A goblin (D:2)
  10 jackals
  3 kobolds
  A ball python (D:2)
  6 frilled lizards (D:2)
  3 rats
31 creatures vanquished.

Notes
Turn   | Place    | Note
-------+----------+-------------------------------------------
     0 | D:1      | troglodite the Demonspawn Monk began the quest for the Orb.
     0 | D:1      | Reached XP level 1. HP: 18/18 MP: 1/1
   152 | D:1      | Gained mutation: You have a pair of small horns on your
                  | head. [demonic ancestry]
   152 | D:1      | Reached XP level 2. HP: 13/24 MP: 2/2
  1093 | D:2      | Gained mutation: You are partially covered in sharp spines.
                  | [demonic ancestry]
  1093 | D:2      | Reached XP level 3. HP: 29/29 MP: 3/3
  1293 | D:2      | Noticed an ogre
  1320 | D:2      | Slain by an ogre

Skill      XL: |  1  2 |
---------------+-------+-----
Dodging        | 3 |  3.1
Long Blades    | 3 |  3.2
Stealth        | 2 |  2.0
Fighting       | |  3.4
Armour         | |  0.2

Action                   || total
-------------------------++-------
Melee: Falchion          ||    74
       Headbutt          ||     9
  Use: Potion            ||     1
 Stab: Sleeping          ||     1
  Eat: Chunk             ||     1
Armor: Robe              ||     9
       Scale mail        ||     6
Dodge: Dodged            ||    70
       Rpst.: Falchion   ||    28
